 Dungeon Crawl Stone Soup version 0.20.0-15-g7f486f2 (webtiles) character file.

240 rock the Chopper (level 5, -1/45 HPs)
             Began as a Minotaur Berserker on June 28, 2017.
             Was a Believer of Trog.
             Slain by an orc priest
             ... wielding a +0 mace
              (3 damage)
             ... on level 3 of the Dungeon.
             The game lasted 00:12:52 (2353 turns).

rock the Chopper (Minotaur Berserker)               Turns: 2353, Time: 00:12:53

Health: -1/45      AC:  5    Str: 21    XL:     5   Next: 79%
Magic:  4/4        EV: 11    Int:  5    God:    Trog [**....]
Gold:   62         SH:  0    Dex: 10    Spells: 4/4 levels left

rFire    . . .     SeeInvis .   a - +0 hand axe
rCold    . . .     Gourm    .   (no shield)
rNeg     . . .     Faith    .   n - +0 ring mail
rPois    .         Spirit   .   (helmet restricted)
rElec    .         Reflect  .   (no cloak)
rCorr    .         Harm     .   (no gloves)
MR       .....                  (no boots)
Stlth    ..........             (no amulet)
Regen    0.2/turn               (no ring)
MPRegen  0.1/turn               (no ring)

@: berserk cooldown, slowed, very slow
A: retaliatory headbutt, horns 2
a: Berserk, Trog's Hand, Burn Spellbooks, Renounce Religion


You were on level 3 of the Dungeon.
You worshipped Trog.
Trog was pleased with you.
You were very hungry.

You visited 1 branch of the dungeon, and saw 3 of its levels.

You collected 62 gold pieces.

Inventory:

Hand Weapons
 a - a +0 hand axe (weapon)
Missiles
 e - 101 stones (quivered)
Armour
 n - a +0 ring mail (worn)
Jewellery
 h - an uncursed amulet of magic regeneration {unknown}
Wands
 p - a wand of enslavement (7/24)
Scrolls
 f - 2 scrolls of identify
 j - a scroll of fear {unknown}
 k - 3 scrolls of remove curse
 q - a scroll of enchant armour {unknown}
Potions
 g - a potion of resistance {unknown}
 m - a potion of degeneration {unknown}
 o - a potion of might {unknown}
 s - a potion of curing {unknown}
Books
 b - a book of Misfortune

   Spells                             Type                      Level
   a - Confusing Touch                Hexes                        1
   b - Confuse                        Hexes                        3
   c - Gell's Gravitas                Translocation                3
   d - Petrify                        Transmutation/Earth          4
   e - Metabolic Englaciation         Hexes/Ice                    5
   f - Yara's Violent Unravelling     Hexes/Transmutation          5
   Trog disapproves of the use of such an item.
Comestibles
 c - 2 bread rations
 d - 4 meat rations
 l - 3 fruits
 t - 4 chunks of flesh


   Skills:
 - Level 3.6 Fighting
 + Level 7.9 Axes
 - Level 2.4 Armour
 - Level 2.1 Dodging


You had 4 spell levels left.
You didn't know any spells.

Dungeon Overview and Level Annotations

Branches:
Dungeon (3/15)

Altars:
Ashenzari
Yredelemnul


Innate Abilities, Weirdness & Mutations

You reflexively headbutt those who attack you in melee.
You have a pair of horns on your head.


Message History

You hit the orc priest but do no damage.
Your headbutt misses the orc priest.
The orc priest is moderately wounded.
The orc priest hits you with a mace.
You barely miss the orc priest.
The orc priest is moderately wounded.
The orc priest calls down the wrath of Beogh upon you.
Beogh smites you!
* * * LOW HITPOINT WARNING * * *
You hit the orc priest.
The orc priest is heavily wounded.
The orc priest hits you with a mace.
* * * LOW HITPOINT WARNING * * *
You hit the orc priest. You headbutt the orc priest.
The orc priest is severely wounded.
The orc priest hits you with a mace.
* * * LOW HITPOINT WARNING * * *
It was a potion of magic.
Magic courses through your body. The orc priest hits you with a mace.
You die...

######.###.# #.
#..........# #.
#.####.##### #.
#.# #.# #. # #.#
#.# #.
#.###.##.# #.#
###.
........)####.#
#...
#.###.........##
#.##
###......@.# #.#
##.####)o# #.##
#.# #..# #...
#.# #..# ####
#.# #... #.#
##.## #. #.# #.#


You could see an orc priest.

Vanquished Creatures
  2 orc priests (D:3)
  3 orc wizards (D:3)
  3 adders (D:2)
  2 worms (D:3)
  2 dart slugs
  2 leopard geckos
  5 orcs (D:3)
  4 giant cockroaches
  9 goblins
  3 hobgoblins (D:1)
  4 jackals (D:1)
  4 kobolds
  3 quokkas
  9 bats
  4 frilled lizards
  6 rats
65 creatures vanquished.

Notes
Turn   | Place    | Note
-------+----------+-------------------------------------------
     0 | D:1      | rock the Minotaur Berserker began the quest for the Orb.
     0 | D:1      | Reached XP level 1. HP: 19/19 MP: 0/0
   145 | D:1      | Reached skill level 4 in Axes
   247 | D:1      | Reached XP level 2. HP: 23/26 MP: 1/1
   591 | D:1      | Reached skill level 5 in Axes
   660 | D:1      | Reached XP level 3. HP: 26/31 MP: 2/2
   672 | D:1      | Reached ** piety under Trog
   839 | D:2      | Found a faded altar of an unknown god.
   929 | D:2      | Found a basalt altar of Yredelemnul.
  1164 | D:2      | Reached skill level 6 in Axes
  1164 | D:2      | Reached XP level 4. HP: 39/39 MP: 3/3
  1798 | D:3      | Reached skill level 7 in Axes
  1798 | D:3      | Reached XP level 5. HP: 22/45 MP: 4/4
  1943 | D:3      | Found a shattered altar of Ashenzari.
  2352 | D:3      | HP: 2/45 [orc priest/mace (1)]
  2353 | D:3      | Slain by an orc priest

Skill      XL: |  1  2  3  4 |
---------------+-------------+-----
Axes           | 4 5 6 7 |  7.9
Fighting       | |  3.6
Armour         | |  2.4
Dodging        | |  2.1

Action                   |  1- 3 |  4- 6 || total
-------------------------+-------+-------++-------
Melee: Hand axe          |    62 |    61 ||   123
       Headbutt          |    11 |    14 ||    25
Invok: Berserk           |       |     3 ||     3
  Use: Scroll            |       |     2 ||     2
       Potion            |       |     2 ||     2
 Stab: Sleeping          |     1 |       ||     1
  Eat: Chunk             |     1 |     5 ||     6
Armor: Animal skin       |    15 |     2 ||    17
       Ring mail         |       |    10 ||    10
Dodge: Dodged            |    43 |    29 ||    72
